 Dungeon Crawl Stone Soup version 0.28-a0-406-g4bac719ec2 (webtiles) character file.

Game seed: 7682343938636331210

27220 Decipherer the Spear-Bearer (level 13, -18/104 HPs)
             Began as a Gnoll Berserker on Sept 5, 2021.
             Was a Priest of Trog.
             Demolished by a large slime creature (22 damage)
             ... on level 15 of the Dungeon.
             The game lasted 00:34:32 (17775 turns).

Decipherer the Spear-Bearer (Gnoll Berserker)      Turns: 17775, Time: 00:34:33

Health: -18/104    AC: 28    Str: 17    XL:     13   Next: 31%
Magic:  25/25      EV: 13    Int:  7    God:    Trog [***...]
Gold:   392        SH: 11    Dex: 14    Spells: 28/28 levels left

rFire   . . .      SeeInvis +   o - +5 trident (venom)
rCold   . . .      Faith    .   M - +0 buckler {AC+3}
rNeg    + . .      Spirit   .   f - +3 scale mail {rPois}
rPois   +          Reflect  +   w - +2 helmet {SInv}
rElec   .          Harm     .   J - +0 cloak
rCorr   .          Rampage  .   F - +2 pair of gloves
Will    .....                   x - +0 pair of boots
Stlth   ++........              r - amulet of reflection
HPRegen 0.27/turn               h - +4 ring of protection
MPRegen 0.19/turn               p - ring of positive energy

@: mighty, brilliant, on berserk cooldown, studying 2 skills
A: fangs 1, strong nose, distributed training, sense surroundings 2, weak 1
a: Renounce Religion, Berserk, Trog's Hand


You were on level 15 of the Dungeon.
You worshipped Trog.
Trog was most pleased with you.
You visited 2 branches of the dungeon, and saw 15 of its levels.

You collected 744 gold pieces.
You spent 352 gold pieces at shops.

Inventory:

Hand Weapons
 o - a +5 trident of venom (weapon)
 D - a +3 spear
Missiles
 d - 4 throwing nets (quivered)
 u - 8 javelins
 z - 3 curare-tipped darts
 L - 3 boomerangs
Armour
 f - a +3 scale mail of poison resistance (worn)
 j - a +0 buckler
 w - a +2 helmet of see invisible (worn)
 x - a +0 pair of boots (worn)
 F - a +2 pair of gloves (worn)
 J - a +0 cloak (worn)
 M - a +0 buckler of protection (worn)
 Q - a +0 chain mail
 S - +0 acid dragon scales
Jewellery
 h - a +4 ring of protection (left hand)
 p - a ring of positive energy (right hand)
 r - an amulet of reflection (around neck)
 K - a +6 ring of strength
 P - a +4 ring of evasion
Wands
 a - a wand of iceblast (12)
 b - a wand of acid (3)
 s - a wand of polymorph (12)
 N - a wand of mindburst (3)
Scrolls
 c - 4 scrolls of magic mapping
 i - 3 scrolls of immolation
 q - 3 scrolls of enchant armour
 y - a scroll of enchant weapon
 G - a scroll of blinking
 I - a scroll of amnesia
 T - a scroll of brand weapon
Potions
 m - 2 potions of flight
 v - 2 potions of attraction
 A - a potion of might
 B - a potion of resistance
 E - a potion of brilliance
Miscellaneous
 k - a lightning rod (4/4)
 O - a box of beasts


   Skills:
 + Level 10.4 Fighting
 + Level 8.2 Short Blades
 + Level 8.2 Long Blades
 + Level 8.2 Axes
 + Level 8.2 Maces & Flails
 + Level 10.4 Polearms
 + Level 8.2 Staves
 + Level 8.2 Slings
 + Level 8.2 Bows
 + Level 8.2 Crossbows
 + Level 8.2 Throwing
 + Level 9.4 Armour
 + Level 9.4 Dodging
 + Level 8.2 Stealth
 + Level 8.2 Shields
 + Level 8.2 Unarmed Combat
 + Level 8.2 Spellcasting
 + Level 6.8 Conjurations
 + Level 6.8 Hexes
 + Level 6.8 Summonings
 + Level 6.8 Necromancy
 + Level 6.8 Translocations
 + Level 6.8 Transmutations
 + Level 6.8 Fire Magic
 + Level 9.1 Ice Magic
 + Level 6.8 Air Magic
 + Level 8.1 Earth Magic
 + Level 6.8 Poison Magic
 + Level 9.0 Invocations
 + Level 8.2 Evocations


You had 28 spell levels left.
You didn't know any spells.
Your spell library contained the following spells:

 Spells                   Type           Power      Damage    Failure   Level
 Sandblast                Erth           42%        2d11      1%          1
 Shock                    Conj/Air       72%        1d7       3%          1
 Passwall                 Tmut/Erth      16%        N/A       4%          2
 Blink                    Tloc           N/A        N/A       5%          2
 Slow                     Hex            18%        N/A       5%          2
 Static Discharge         Conj/Air       18%        N/A       5%          2
 Stone Arrow              Conj/Erth      40%        3d9       8%          3
 Confusing Touch          Hex            18%        N/A       11%         3
 Summon Guardian Golem    Hex/Summ       18%        N/A       11%         3
 Swiftness                Air            18%        N/A       11%         3
 Airstrike                Air            9%         N/A       34%         4
 Dispel Undead            Necr           18%        3d11      34%         4
 Sticky Flame             Conj/Fire      18%        2d4       34%         4
 Manifold Assault         Tloc           18%        N/A       67%         5
 Yara's Violent Unravell  Hex/Tmut       9%         3d6       67%         5
 Orb of Destruction       Conj           9%         9d4       100%        7
 Spellforged Servitor     Conj/Summ      9%         N/A       100%        7
 Storm Form               Tmut/Air       9%         N/A       100%        7


Dungeon Overview and Level Annotations

Branches:
Dungeon (13/15)            Temple (1/1) D:7            Lair (0/6) D:8
    Orc (0/2) D:11         Vaults (0/5) D:13

Altars:
Ashenzari
Cheibriados
Fedhas
Gozag
Qazlal
Ru
Uskayaw
Vehumet
Wu Jian
Beogh

Shops:
D:1 !   D:2 ?

Annotations:
D:8 Maurice
D:9 2 transporters, Decipherer's ghost, novice GnBe


Innate Abilities, Weirdness & Mutations

You have very sharp teeth.
Your uncanny sense of smell can sniff out nearby items.
Your experience applies equally to all skills.
You passively map the area around you.
You are weak. (Str -2)


Message History

Aiming: Mindburst
Press: ? - help, Shift-Dir - straight line, f - large slime creature
Aim: a large slime creature (not susceptible)
The large slime creature is unaffected.
You feel a little less mighty now.
You feel the effects of Trog's Hand fading.
Aiming: Mindburst
Press: ? - help, Shift-Dir - straight line, f/p - large slime creature
Aim: a large slime creature (not susceptible)
The large slime creature is unaffected.
The large slime creature hits you but does no damage.
You hit the large slime creature.
The large slime creature is lightly wounded.
You feel less wooden.
Your +0 cloak unmelds from your body.
Your +2 helmet of see invisible unmelds from your body.
Your +2 pair of gloves unmelds from your body.
Your +0 pair of boots unmelds from your body.
Your +3 scale mail of poison resistance unmelds from your body.
You feel perceptive.
You feel resistant to poison.
You feel yourself speed up.
The large slime creature hits you but does no damage.
Okay, then.
You feel very mighty all of a sudden.
The large slime creature completely misses you.
You puncture the large slime creature!
The large slime creature looks as sick as possible!
You bite the large slime creature.
The large slime creature is lightly wounded.
The large slime creature hits you!
* * * LOW HITPOINT WARNING * * *
Okay, then.
As you read the scroll of torment, it crumbles to dust.
Your body is wracked with pain!
* * * LOW HITPOINT WARNING * * *
The large slime creature convulses!
Your skin stops crawling.
You feel less strong-willed.
A fire crab comes into view.
The large slime creature hits you!!
You die...

** *## ,* ##.## #...##
#### * * ,
###)...###§§###... **
*###........#§o§.....
* ,
,*#.))t).o....uo§.....
*,
###J#ZJ.....##§.oo.#
,, #@#Jo.o... .Y..o# ,
###o.o....8,,u.... * *
........., ..o.. , * ,
,, **..8.8.8.8 ..o.
∆,, ......... .... ,,
, , #..8o8.8.., * , ,
, * ∆ , * , , * , * ,
8, , , , , , , ,


You could see a large slime creature (extremely poisoned) and a fire crab.

Vanquished Creatures
  3 boulder beetles
  A boulder beetle (shapeshifter) (D:13)
  A death knight (D:12)
  2 two-headed ogres
  A tengu warrior (D:13)
  A glowing orange brain (shapeshifter) (D:15)
  A wizard (D:13)
  2 phantasmal warriors
  An orc knight (D:15)
  A deep elf pyromancer (D:13)
  A wolf spider (D:10)
  6 ugly things
  A cyclops (D:13)
  A manticore (D:12)
  A centaur zombie (D:11)
  Psyche (D:8)
  2 trolls
  8 slime creatures
  Sigmund (D:3)
  A centaur simulacrum (D:15)
  A shadow (D:13)
  4 yaks (D:9)
  3 vampires
  2 wraiths
  13 vampire mosquitoes
  2 steam dragons (D:8)
  2 wargs (D:8)
  3 acid dragons
  A water moccasin (D:3)
  11 orc warriors
  A black bear (D:7)
  A swamp drake (D:11)
  3 sky beasts
  An ice beast (D:7)
  A hornet zombie (D:6)
  3 necrophages
  3 ogres
  2 centaurs
  5 kobold brigands
  4 bullfrogs
  A wyvern zombie (D:8)
  A gnoll sergeant (D:10)
  A water moccasin skeleton (D:4)
  18 killer bees
  13 wights
  4 jellies
  A bullfrog skeleton (D:5)
  Crazy Yiuf (D:7)
  A hound (D:4)
  10 orc priests
  2 centaur skeletons
  Terence (D:3)
  5 iguanas
  14 orc wizards
  A scorpion zombie (D:5)
  5 hound skeletons
  17 gnolls
  5 adders
  3 white imps
  A worm (D:3)
  3 dart slugs
  47 orcs
  9 endoplasms
  5 giant cockroaches
  14 goblins
  10 hobgoblins
  16 jackals
  25 kobolds
  3 quokkas
  8 ball pythons
  6 bats
  4 frilled lizards
  3 rats
361 creatures vanquished.

Vanquished Creatures (collateral kills)
  3 slime creatures
  A centaur warrior (D:15)
  An orc knight (D:15)
  A centaur zombie (D:9)
  An orc warrior (D:15)
  4 wights (D:9)
  4 orcs (D:15)
  2 kobolds (D:9)
17 creatures vanquished.

Vanquished Creatures (others)
  A kobold (D:8)
  2 plants
3 creatures vanquished.

Grand Total: 381 creatures vanquished

Notes
Turn   | Place    | Note
-------+----------+-------------------------------------------
     0 | D:1      | Decipherer the Gnoll Berserker began the quest for the Orb.
     0 | D:1      | Reached XP level 1. HP: 23/23 MP: 1/1
   175 | D:1      | Found Torisore's Distillery.
   204 | D:1      | Reached XP level 2. HP: 17/29 MP: 2/2
  1136 | D:1      | Reached XP level 3. HP: 30/35 MP: 3/3
  1759 | D:2      | Reached skill level 1 in Invocations
  1760 | D:2      | Reached ** piety under Trog
  1982 | D:2      | Reached skill level 1 in Short Blades
  1982 | D:2      | Reached skill level 1 in Long Blades
  1982 | D:2      | Reached skill level 1 in Axes
  1982 | D:2      | Reached skill level 1 in Maces & Flails
  1982 | D:2      | Reached skill level 1 in Staves
  1982 | D:2      | Reached skill level 1 in Slings
  1982 | D:2      | Reached skill level 1 in Bows
  1982 | D:2      | Reached skill level 1 in Crossbows
  1982 | D:2      | Reached skill level 1 in Throwing
  1982 | D:2      | Reached skill level 1 in Stealth
  1982 | D:2      | Reached skill level 1 in Shields
  1982 | D:2      | Reached skill level 1 in Unarmed Combat
  1982 | D:2      | Reached skill level 1 in Spellcasting
  1982 | D:2      | Reached skill level 1 in Evocations
  2129 | D:2      | Found Getudiem's Magic Scroll Shoppe.
  2264 | D:2      | Reached XP level 4. HP: 41/41 MP: 5/5
  2640 | D:2      | Reached skill level 1 in Conjurations
  2640 | D:2      | Reached skill level 1 in Hexes
  2640 | D:2      | Reached skill level 1 in Summonings
  2640 | D:2      | Reached skill level 1 in Necromancy
  2640 | D:2      | Reached skill level 1 in Translocations
  2640 | D:2      | Reached skill level 1 in Transmutations
  2640 | D:2      | Reached skill level 1 in Fire Magic
  2640 | D:2      | Reached skill level 1 in Ice Magic
  2640 | D:2      | Reached skill level 1 in Air Magic
  2640 | D:2      | Reached skill level 1 in Earth Magic
  2640 | D:2      | Reached skill level 1 in Poison Magic
  2723 | D:3      | Noticed Sigmund
  2741 | D:3      | Killed Sigmund
  2742 | D:3      | Reached XP level 5. HP: 47/47 MP: 5/7
  2742 | D:3      | Reached XP level 6. HP: 53/53 MP: 5/8
  2889 | D:3      | Reached skill level 5 in Armour
  2889 | D:3      | Reached skill level 5 in Dodging
  2925 | D:3      | Noticed Terence
  2935 | D:3      | Killed Terence
  2944 | D:3      | Found a faded altar of an unknown god.
  2969 | D:3      | Noticed a water moccasin
  3196 | D:3      | Killed a water moccasin
  3197 | D:3      | Reached XP level 7. HP: 59/59 MP: 10/10
  3304 | D:3      | Found a radiant altar of Vehumet.
  3305 | D:3      | Found a stormy altar of Qazlal.
  3306 | D:3      | Found a snail-covered altar of Cheibriados.
  3306 | D:3      | Found a hide-covered altar of Uskayaw.
  3882 | D:4      | Reached *** piety under Trog
  4236 | D:4      | Reached XP level 8. HP: 45/67 MP: 10/12
  4797 | D:5      | Entered Level 5 of the Dungeon
  4868 | D:5      | Found a blossoming altar of Fedhas.
  5113 | D:5      | Reached **** piety under Trog
  5216 | D:5      | Noticed a troll
  5242 | D:5      | Killed a troll
  5723 | D:5      | Reached XP level 9. HP: 72/72 MP: 14/14
  7117 | D:6      | Gained mutation: Your movements are slightly less
                  | encumbered by armour. (ER -2) [potion of mutation]
  7117 | D:6      | Lost mutation: Your movements are slightly less encumbered
                  | by armour. (ER -2) [potion of mutation]
  7117 | D:6      | Gained mutation: You are agile. (Dex +2) [potion of
                  | mutation]
  7235 | D:7      | Found a sacrificial altar of Ru.
  7316 | D:7      | Reached skill level 5 in Invocations
  7686 | D:7      | Found a runed translucent door.
  7687 | D:7      | Noticed Crazy Yiuf
  7754 | D:7      | Found a staircase to the Ecumenical Temple.
  7926 | D:7      | Killed Crazy Yiuf
  8033 | D:8      | Reached ***** piety under Trog
  8289 | D:8      | Reached XP level 10. HP: 66/80 MP: 17/17
  8317 | D:8      | Reached skill level 5 in Short Blades
  8317 | D:8      | Reached skill level 5 in Long Blades
  8317 | D:8      | Reached skill level 5 in Axes
  8317 | D:8      | Reached skill level 5 in Maces & Flails
  8317 | D:8      | Reached skill level 5 in Staves
  8317 | D:8      | Reached skill level 5 in Slings
  8317 | D:8      | Reached skill level 5 in Bows
  8317 | D:8      | Reached skill level 5 in Crossbows
  8317 | D:8      | Reached skill level 5 in Throwing
  8317 | D:8      | Reached skill level 5 in Stealth
  8317 | D:8      | Reached skill level 5 in Shields
  8317 | D:8      | Reached skill level 5 in Unarmed Combat
  8317 | D:8      | Reached skill level 5 in Spellcasting
  8317 | D:8      | Reached skill level 5 in Evocations
  8323 | D:8      | Reached skill level 5 in Ice Magic
  8323 | D:8      | Found a staircase to the Lair.
  9079 | D:8      | Received a gift from Trog
  9243 | D:8      | Noticed Psyche
  9253 | D:8      | Noticed Maurice
  9487 | Temple   | Entered the Ecumenical Temple
  9616 | D:8      | Killed Psyche
 10290 | D:9      | Found a transporter.
 10302 | D:9      | Noticed Decipherer's ghost (novice GnBe)
 10311 | D:9      | Noticed a moth of wrath
 10612 | D:9      | Found a transporter.
 10727 | D:9      | Reached XP level 11. HP: 87/87 MP: 19/19
 10814 | D:9      | Found an ornate altar of the Wu Jian Council.
 11079 | D:1      | Bought a potion of curing for 33 gold pieces
 11079 | D:1      | Bought a potion of curing for 33 gold pieces
 11079 | D:1      | Bought a potion of might for 44 gold pieces
 11079 | D:1      | Bought 2 potions of heal wounds for 110 gold pieces
 11079 | D:1      | Bought a potion of might for 44 gold pieces
 11079 | D:1      | Bought a potion of mutation for 88 gold pieces
 11147 | D:5      | Identified a scroll of acquirement
 11221 | D:9      | Acquired a +0 helmet of see invisible
 11250 | D:10     | Entered Level 10 of the Dungeon
 11250 | D:10     | Noticed a two-headed ogre
 11256 | D:10     | Killed a two-headed ogre
 11257 | D:10     | Reached skill level 5 in Conjurations
 11257 | D:10     | Reached skill level 5 in Hexes
 11257 | D:10     | Reached skill level 5 in Summonings
 11257 | D:10     | Reached skill level 5 in Necromancy
 11257 | D:10     | Reached skill level 5 in Translocations
 11257 | D:10     | Reached skill level 5 in Transmutations
 11257 | D:10     | Reached skill level 5 in Fire Magic
 11257 | D:10     | Reached skill level 5 in Air Magic
 11257 | D:10     | Reached skill level 5 in Earth Magic
 11257 | D:10     | Reached skill level 5 in Poison Magic
 11439 | D:10     | Noticed a wolf spider
 11448 | D:10     | Killed a wolf spider
 12421 | D:11     | Noticed a red ugly thing
 12433 | D:11     | Killed a red ugly thing
 12563 | D:11     | Noticed a boulder beetle
 12580 | D:11     | Killed a boulder beetle
 13121 | D:11     | Found a staircase to the Orcish Mines.
 13757 | D:12     | Noticed a boulder beetle
 13769 | D:12     | Killed a boulder beetle
 13818 | D:12     | Noticed a red ugly thing
 13850 | D:12     | Killed a red ugly thing
 14213 | D:12     | Reached XP level 12. HP: 89/96 MP: 22/22
 15154 | D:12     | Noticed a death knight
 15161 | D:12     | Killed a death knight
 15779 | D:12     | Found an opulent altar of Gozag.
 16089 | D:13     | Noticed a boulder beetle
 16089 | D:13     | a tyrant leech changed into a boulder beetle
 16095 | D:13     | Killed a boulder beetle
 16380 | D:13     | Found a gate to the Vaults.
 16380 | D:13     | Noticed a two-headed ogre
 16380 | D:13     | Noticed a boulder beetle
 16395 | D:13     | Killed a boulder beetle
 16396 | D:13     | Reached skill level 10 in Fighting
 16396 | D:13     | Reached skill level 10 in Polearms
 16402 | D:13     | Killed a two-headed ogre
 16621 | D:13     | Noticed a tengu warrior
 16647 | D:13     | Killed a tengu warrior
 17344 | D:13     | Reached XP level 13. HP: 97/103 MP: 24/24
 17567 | D:13     | You fall into a shaft and drop 2 floors!
 17567 | D:15     | Entered Level 15 of the Dungeon
 17568 | D:15     | Found a faded altar of an unknown god.
 17641 | D:15     | HP: 2/103 [meliai/divine providence[a glowing orange brain]
                  | (14)]
 17761 | D:15     | Lost mutation: You are agile. (Dex +2) [potion of mutation]
 17761 | D:15     | Gained mutation: You passively map a small area around you.
                  | [potion of mutation]
 17761 | D:15     | Gained mutation: You are weak. (Str -2) [potion of
                  | mutation]
 17761 | D:15     | Gained mutation: You passively map the area around you.
                  | [potion of mutation]
 17774 | D:15     | HP: 5/104 [large slime creature (13)]
 17775 | D:15     | Demolished by a large slime creature

Illustrated notes

Levels and vault maps discovered:
D:1:      psy_arrival_radial02, layout_basic, serial_shops, shop,
          serial_bayou_ford_a, roderic_roman_lattice, minmay_cut_off
D:2:      layout_rooms, serial_shops,
          nicolae_shop_temple_entry_statues_fountains
D:3:      layout_rooms, mainiacjoe_overflow_alcove_3,
          hellmonk_ecumenical_altar_dog_temple, st_stairs_6,
          minmay_goblin_kobold_house, uniq_sigmund, uniq_grinder, uniq_terence
D:4:      layout_rooms
D:5:      layout_cave_pools, fedhas_altar_fruit_tree
D:6:      layout_layer_cave
D:7:      layout_basic, lemuel_round_altar, minmay_temple_entry_sparse_star,
          serial_glass, glass_columns_a, glass_columns_b, glass_columns_a,
          glass_columns_b, glass_columns_a, glass_columns_b,
          uniq_crazy_yiuf_cottage
D:8:      layout_loops_ring, erik_lair_orcish_takeover, serial_aquarium,
          aquarium_bridge_long_joined [aquarium_subvault_wall,
          aquarium_subvault_bridge, aquarium_subvault_wall,
          aquarium_subvault_wall, aquarium_subvault_wall,
          aquarium_subvault_bridge], aquarium_window_1, aquarium_window_1,
          aquarium_window_corner, aquarium_window_fake, aquarium_view_2a,
          aquarium_view_2c, aquarium_balcony_5b, aquarium_pool_corner,
          kennysheep_generic_room_10, uniq_maurice, uniq_psyche
D:9:      layout_rooms, pdpol_wu_jian_five_deadly_venoms,
          gammafunk_ghost_berserking_beasts
D:10:     layout_irregular_city
D:11:     layout_cave_pods, erik_orc_1
D:12:     layout_stronghold, grunt_gozag_breadcrumbs
D:13:     layout_basic, david_vaults_1, serial_co_window_serial,
          co_window_cross_1, co_window_cross_1, co_window_paths_a,
          co_window_paths_a, co_window_paths_a, co_window_2corner,
          co_window_2corner, co_window_of_opportunity_b, co_window_broadway_a,
          glass_columns_b, glass_columns_b, glass_columns_a, glass_columns_c,
          glass_columns_b
D:15:     grunt_enter_depths_magical_seal, layout_cave_pools,
          serial_column_ruins, column_ruins_temple_circle, column_ruins_grid_4,
          column_ruins_corridor_water, column_ruins_open_small_water,
          column_ruins_grid_3, column_ruins_open_tiny,
          nicolae_qazlal_scattered_showers, special_room [special_room_orc],
          serial_shops, bzr_entry_islet, minmay_misc_feat_four_crosses
Temple:   regret_index_temple_generic_petals

Skill      XL: |  1  2  3  4  5  6  7  8  9 10 11 12 13 |
---------------+----------------------------------------+-----
Invocations    | 1 2 3 4 5 6 7 8 9 |  9.0
Short Blades   | 1 2 3 4 5 6 7 8 |  8.2
Long Blades    | 1 2 3 4 5 6 7 8 |  8.2
Axes           | 1 2 3 4 5 6 7 8 |  8.2
Maces & Flails | 1 2 3 4 5 6 7 8 |  8.2
Staves         | 1 2 3 4 5 6 7 8 |  8.2
Slings         | 1 2 3 4 5 6 7 8 |  8.2
Bows           | 1 2 3 4 5 6 7 8 |  8.2
Crossbows      | 1 2 3 4 5 6 7 8 |  8.2
Throwing       | 1 2 3 4 5 6 7 8 |  8.2
Stealth        | 1 2 3 4 5 6 7 8 |  8.2
Shields        | 1 2 3 4 5 6 7 8 |  8.2
Unarmed Combat | 1 2 3 4 5 6 7 8 |  8.2
Spellcasting   | 1 2 3 4 5 6 7 8 |  8.2
Evocations     | 1 2 3 4 5 6 7 8 |  8.2
Conjurations   | 1 2 3 4 5 6 |  6.8
Hexes          | 1 2 3 4 5 6 |  6.8
Summonings     | 1 2 3 4 5 6 |  6.8
Necromancy     | 1 2 3 4 5 6 |  6.8
Translocations | 1 2 3 4 5 6 |  6.8
Transmutations | 1 2 3 4 5 6 |  6.8
Fire Magic     | 1 2 3 4 5 6 |  6.8
Ice Magic      | 1 2 3 4 6 7 8 9 |  9.1
Air Magic      | 1 2 3 4 5 6 |  6.8
Earth Magic    | 1 2 3 4 6 7 8 |  8.1
Poison Magic   | 1 2 3 4 5 6 |  6.8
Armour         | 5 6 7 8 9 |  9.4
Dodging        | 5 6 7 8 9 |  9.4
Fighting       | 7 8 9 10 | 10.4
Polearms       | 7 8 9 10 | 10.4

Action                   |  1- 3 |  4- 6 |  7- 9 | 10-12 | 13-15 || total
-------------------------+-------+-------+-------+-------+-------++-------
Melee: Spear             |   161 |    98 |   591 |   223 |       ||  1073
       Bite              |    15 |    13 |    46 |    95 |    13 ||   182
       Punch             |     1 |     1 |     5 |       |       ||     7
       Hand axe          |       |    12 |       |       |       ||    12
       Trident           |       |       |       |   552 |    80 ||   632
       Unarmed           |       |       |       |     6 |       ||     6
Throw: Dart              |       |       |   129 |   150 |       ||   279
       Boomerang         |       |       |     3 |       |       ||     3
       Throwing net      |       |       |     1 |       |       ||     1
Invok: Berserk           |     2 |     5 |     8 |    17 |     2 ||    34
       Trog's Hand       |       |     1 |       |     2 |     6 ||     9
       Brothers in Arms  |       |       |       |     5 |     2 ||     7
Evoke: Wand              |       |       |       |    15 |    14 ||    29
  Use: Potion            |       |     3 |     1 |     6 |    10 ||    20
       Scroll            |       |       |     4 |     5 |    17 ||    26
 Stab: Held in net/web   |       |       |     1 |       |       ||     1
       Sleeping          |       |       |     1 |     2 |       ||     3
       Distracted        |       |       |       |     1 |       ||     1
Armor: Animal skin       |    28 |    46 |    10 |       |       ||    84
       Scale mail        |       |       |   167 |   259 |    36 ||   462
       Skin              |       |       |       |       |    13 ||    13
Dodge: Dodged            |    84 |    80 |   210 |   289 |    39 ||   702
Block: Other             |       |       |    87 |     2 |       ||    89
       Buckler           |       |       |    11 |   345 |    63 ||   419
       Reflection        |       |       |       |    15 |     1 ||    16

Table legend: (Time is in decaauts)
 A = Elapsed time spent in this place.
 B = Non-inter-level travel time spent in this place.
 C = Inter-level travel time spent in this place.
 D = Time resting spent in this place.
 E = Time spent auto-exploring this place.
 F = Levels seen in this place.
 G = Mean time per level.
                   A        B        C        D        E       F      G
               +--------+--------+--------+--------+--------+-----+--------+
         Total |  17582 |  16991 |    591 |      0 |  14054 |  15 | 1172.1 |
       Dungeon |  17566 |  16980 |    586 |      0 |  14044 |  14 | 1254.7 |
        Temple |     16 |     11 |      5 |      0 |     10 |   1 |   16.0 |
               +--------+--------+--------+--------+--------+-----+--------+

Top non-repeatable levels by time:
     D:8: 1941 daAuts
    D:12: 1922 daAuts
    D:11: 1891 daAuts
    D:13: 1717 daAuts
     D:1: 1610 daAuts
     D:6: 1334 daAuts
     D:2: 1322 daAuts
     D:7: 1111 daAuts
     D:3: 1010 daAuts
     D:5: 1002 daAuts
     D:4: 968 daAuts
    D:10: 771 daAuts
     D:9: 751 daAuts
    D:15: 212 daAuts
  Temple: 16 daAuts
